 Dungeon Crawl Stone Soup version 0.19-a0-1037-g36c65c9 (webtiles) character file.

52637 rageheart7 the Severer (level 14, -7/138 HPs)
             Began as a Hill Orc Gladiator on July 29, 2016.
             Was a High Priest of Ashenzari.
             Mangled by a catoblepas (15 damage)
             ... on level 6 of the Lair of Beasts.
             The game lasted 00:51:10 (19643 turns).

rageheart7 the Severer (Hill Orc Gladiator)        Turns: 19643, Time: 00:51:10

Health: -7/138     AC: 31    Str: 25    XL:     14   Next: 64%
Magic:  17/17      EV: 10    Int:  8    God:    Ashenzari [*****.]
Gold:   1555       SH:  0    Dex: 11    Spells: 1 memorised, 11 levels left

rFire  + . .     SeeInvis +     n - +2 battleaxe (venom) (curse)
rCold  . . .     Gourm    .     O - +3 chain mail {rF+} (curse)
rNeg   . . .     Faith    .     (shield currently unavailable)
rPois  .         Spirit   .     s - +2 helmet (curse)
rElec  .         Dismiss  .     q - +2 cloak (curse)
rCorr  .         Reflect  .     G - +0 pair of gloves (curse)
SustAt .         Harm     +     k - +0 pair of boots (curse)
MR     +....     Clarity  +     l - amulet of harm
Stlth  ..........               L - +3 ring of protection (curse)
                                T - +4 ring of slaying

@: exhausted, very slightly contaminated, slowed, invisible, very slow, somewhat
resistant to hostile enchantments, extremely unstealthy
A: strong 1
a: Curse Item, Scrying, Transfer Knowledge, Renounce Religion


You were on level 6 of the Lair of Beasts.
You worshipped Ashenzari.
Ashenzari was extremely pleased with you.
You were very hungry.

You visited 3 branches of the dungeon, and saw 17 of its levels.
You also visited: Labyrinth and Volcano.

You collected 1555 gold pieces.

Inventory:

Hand Weapons
 n - a cursed +2 battleaxe of venom (weapon)
Missiles
 d - 2 throwing nets
 y - 9 tomahawks (quivered)
Armour
 k - a cursed +0 pair of boots (worn)
 o - the +2 helmet of Instinct {rElec rPois Str-4}
   (You found it in a volcano)

   It affects your strength (-4).
   It insulates you from electricity.
   It protects you from poison.
 q - a cursed +2 cloak (worn)
 s - a cursed +2 helmet (worn)
 G - a cursed +0 pair of gloves (worn)
 O - a cursed +3 chain mail of fire resistance (worn)
Jewellery
 l - an amulet of harm (around neck)
 L - a cursed +3 ring of protection (right hand)
 N - the ring "Voagh" {+Fly rN+ MR+ Dex-2}
   (You found it in a labyrinth)

   [ring of dexterity]

   It affects your dexterity (-2).
   It protects you from negative energy.
   It affects your resistance to hostile enchantments.
   It lets you fly.
 T - a +4 ring of slaying (left hand)
Wands
 p - a wand of confusion (44/48)
 r - a wand of paralysis (0/24)
 H - a wand of paralysis (18/24)
 J - a wand of iceblast (11/15)
 U - a wand of acid (0/15)
Scrolls
 c - 4 scrolls of remove curse
 e - 2 scrolls of teleportation
 i - 5 scrolls of fear
 B - 2 scrolls of identify
 C - 9 scrolls of amnesia
 E - 3 scrolls of enchant weapon
 I - 2 scrolls of fog
 M - 2 scrolls of summoning
 P - a scroll of blinking
Potions
 a - a potion of haste
 b - a potion of curing
 v - 2 potions of brilliance
 w - a potion of berserk rage
 x - a potion of flight
 z - 2 potions of cure mutation
 D - 3 potions of cancellation
 Q - a potion of ambrosia
Books
 F - a book of Burglary

   Spells                             Type                      Level
   a - Swiftness                      Charms/Air                   2
   b - Passwall                       Transmutation/Earth          2
   c - Passage of Golubria            Translocation                4
   d - Lee's Rapid Deconstruction     Earth                        5
   e - Darkness                       Hexes                        6
   f - Invisibility                   Hexes                        6
 K - a book of Party Tricks

   Spells                             Type                      Level
   a - Summon Butterflies             Summoning                    1
   b - Apportation                    Translocation                1
   c - Tukima's Dance                 Hexes                        3
   d - Alistair's Intoxication        Transmutation/Poison         5
   e - Invisibility                   Hexes                        6
Miscellaneous
 u - a phial of floods
 S - a fan of gales
Comestibles
 f - 11 bread rations
 g - 12 chunks of flesh
 h - a slice of pizza
 j - 7 meat rations
 m - a royal jelly
 t - 27 fruits


   Skills:
 * Level 16.7 Fighting
 - Level 18.9(23.1) Axes
 - Level 3.5 Throwing
 * Level 13.2(18.0) Armour
 - Level 2.4 Dodging
 * Level 4.4 Evocations


You had 11 spell levels left.
You knew the following spells:

 Your Spells              Type           Power        Failure   Level  Hunger
a - Swiftness             Chrm/Air       #.......     99%         2    ###....


Dungeon Overview and Level Annotations

Branches:
Dungeon (10/15)            Temple (1/1) D:6            Lair (6/6) D:10
 Shoals (0/4) Lair:4       Spider (0/4) Lair:3        Slime (0/5) Lair:5
    Orc (0/2) D:10

Altars:
Ashenzari
Cheibriados
Dithmenos
Gozag
Kikubaaqudgha
Nemelex Xobeh
Pakellas
Uskayaw
Vehumet
Jiyva

Shops:
D:6 :


Innate Abilities, Weirdness & Mutations

Your muscles are strong. (Str +2)


Message History

* * * LOW HITPOINT WARNING * * *
You are engulfed in calcifying dust.
The catoblepas gores you!!
* * * LOW HITPOINT WARNING * * *
You are engulfed in calcifying dust.
The catoblepas gores you!
* * * LOW HITPOINT WARNING * * *
The catoblepas gores you but does no damage.
You turn to flesh and can move again.
You slash the catoblepas!
The catoblepas looks as sick as possible!
The catoblepas is moderately wounded.
You are no longer berserk.
You are exhausted.
You feel yourself slow down.
You are feeling very hungry.
The catoblepas gores you but does no damage.
You slash the catoblepas!
The catoblepas looks as sick as possible!
The catoblepas is severely wounded.
The catoblepas gores you!
You die...

..#.#...#P..#...####.###.P.P.##..
......P.................PP..PP...
.......PP.P....#.............PP..
.........P(.......P...........P..
P#......P........P...#...........
.P...............................
......#....#..#.#..#..#..........
..?..#...P#.##........#..........
..†.........§...@Y...............
P.#...........P..................
................%÷%..............
..........##.........P..........P
.................%...............
.................................
.................................
......................#..##.#....
........................#......#.


You could see a catoblepas.

Vanquished Creatures
  Snorg (Lair:6)
  A minotaur (Lab)
  A fire dragon (Lair:6)
  A catoblepas (Lair:6)
  4 hydras
  A queen ant (Lair:2)
  7 death yaks
  2 fire crabs (Lair:6)
  An unseen horror (D:10)
  A hill giant (D:10)
  2 lindwurms (Lair:6)
  Pikel (D:5)
  2 ugly things (Volcano)
  3 griffons
  9 elephants (Lair:6)
  2 black mambas
  A molten gargoyle (Volcano)
  6 torpor snails (Lair:6)
  2 gargoyles (Volcano)
  10 spiny frogs
  3 rime drakes
  2 komodo dragons
  2 polar bears
  4 giant leeches (Lair:6)
  23 blink frogs
  The ghost of fairyof the Caller, an amateur TeSu (D:4)
  47 yaks
  A wraith (D:8)
  2 wyverns
  8 hippogriffs
  4 basilisks
  A fire elemental (Volcano)
  Eustachio (D:4)
  Menkaure (D:6)
  11 water moccasins
  2 hell hounds (D:10)
  5 soldier ants (Lair:2)
  Duvessa (D:6)
  12 porcupines
  4 orc warriors
  An ice beast (D:9)
  6 wasps (Lair:6)
  A phantom (D:4)
  The ghost of aodq the Covered, an amateur MiFi (D:3)
  2 necrophages
  9 wolves
  3 centaurs
  3 ogres
  17 crocodiles
  13 giant frogs
  Dowan (D:6)
  A water moccasin skeleton (D:9)
  3 scorpions
  4 killer bees
  12 wights
  A howler monkey (D:5)
  An electric eel (Lair:4)
  A crimson imp (D:6)
  2 centaur zombies
  A hound (D:4)
  3 orc priests
  A jelly (D:10)
  Crazy Yiuf (D:2)
  8 orc wizards
  2 giant frog skeletons
  8 iguanas
  Terence (D:2)
  21 worker ants
  19 sheep
  3 hound zombies
  A hound skeleton (D:10)
  Robin (D:3)
  8 gnolls
  A howler monkey zombie (D:9)
  6 adders
  20 river rats
  A shadow imp (D:5)
  2 oozes
  An adder zombie (D:5)
  An adder skeleton (D:9)
  2 worms
  6 dart slugs
  3 giant geckos
  52 orcs
  6 bats
  8 giant cockroaches
  13 goblins
  7 hobgoblins
  17 jackals
  9 kobolds
  4 quokkas
  2 ball pythons
  2 giant newts
  A jackal skeleton (D:6)
  2 jackal zombies
  8 rats
  9 fungi
  17 plants
553 creatures vanquished.

Vanquished Creatures (others)
  A human (D:5)
  A slave (D:5)
  An adder (D:5)
  3 orcs
  A giant cockroach (D:5)
  4 jackals (D:5)
  A fire vortex (Volcano)
  7 fungi (Lair:6)
  14 plants
  4 toadstools (D:1)
37 creatures vanquished.

Grand Total: 590 creatures vanquished

Notes
Turn   | Place    | Note
-------+----------+-------------------------------------------
     0 | D:1      | rageheart7 the Hill Orc Gladiator began the quest for the Orb.
     0 | D:1      | Reached XP level 1. HP: 18/18 MP: 1/1
   141 | D:1      | Reached XP level 2. HP: 25/25 MP: 2/2
   378 | D:1      | Reached skill level 5 in Axes
   427 | D:1      | Reached XP level 3. HP: 28/30 MP: 3/3
   695 | D:2      | Noticed Terence
   705 | D:2      | Killed Terence
   715 | D:2      | Reached XP level 4. HP: 16/38 MP: 4/4
  1132 | D:2      | Found a runed door.
  1518 | D:2      | Noticed Crazy Yiuf
  1524 | D:2      | Killed Crazy Yiuf
  1524 | D:2      | Reached skill level 6 in Axes
  1840 | D:3      | Reached XP level 5. HP: 25/46 MP: 5/5
  2202 | D:3      | Noticed Robin
  2229 | D:3      | Killed Robin
  2229 | D:3      | Reached skill level 7 in Axes
  2386 | D:3      | Noticed aodq's ghost (amateur MiFi)
  2400 | D:3      | Killed aodq's ghost
  2400 | D:3      | Reached skill level 5 in Fighting
  2400 | D:3      | Reached XP level 6. HP: 38/56 MP: 6/6
  2507 | D:3      | Found a shattered altar of Ashenzari.
  2522 | D:3      | Became a worshipper of Ashenzari the Shackled
  2855 | D:4      | Found a hide-covered altar of Uskayaw.
  3086 | D:4      | Noticed fairyof's ghost (amateur TeSu)
  3113 | D:4      | Killed fairyof's ghost
  3113 | D:4      | Reached skill level 8 in Axes
  3113 | D:4      | Reached XP level 7. HP: 62/62 MP: 7/7
  3389 | D:4      | Reached skill level 9 in Axes
  3423 | D:4      | Found a shadowy altar of Dithmenos.
  3432 | D:4      | Reached * piety under Ashenzari
  3565 | D:4      | Noticed Eustachio
  3576 | D:4      | Killed Eustachio
  3652 | D:4      | Reached XP level 8. HP: 70/71 MP: 8/8
  3842 | D:4      | Reached skill level 10 in Axes
  3849 | D:5      | Entered Level 5 of the Dungeon
  3892 | D:5      | Noticed Pikel
  3915 | D:5      | Killed Pikel
  3915 | D:5      | Reached skill level 11 in Axes
  4216 | D:5      | Found a sparkling altar of Nemelex Xobeh.
  4845 | D:5      | Found an oddly glowing altar of Pakellas.
  4903 | D:5      | Got the rapier of Gravity {drain, MR+ Str+3 Dex+3}
  4904 | D:5      | Identified the +3 rapier of Gravity {drain, MR+ Str+3 Dex+3} (You found it on level 5 of the Dungeon)
  4937 | D:6      | Found an opulent altar of Gozag.
  5005 | D:6      | Found a staircase to the Ecumenical Temple.
  5054 | D:6      | Reached XP level 9. HP: 79/82 MP: 9/9
  5076 | D:6      | Reached skill level 1 in Armour
  5291 | D:6      | Found a radiant altar of Vehumet.
  5381 | D:6      | Reached skill level 12 in Axes
  5470 | D:6      | Found Fuliazia's Book Shop.
  5486 | D:6      | Noticed Menkaure
  5501 | D:6      | Found a snail-covered altar of Cheibriados.
  5506 | D:6      | Killed Menkaure
  5529 | D:6      | Noticed Duvessa
  5530 | D:6      | Noticed Dowan
  5540 | D:6      | Killed Duvessa
  5548 | D:6      | Killed Dowan
  5587 | D:6      | Reached ** piety under Ashenzari
  5594 | D:6      | Found an ancient bone altar of Kikubaaqudgha.
  5924 | Temple   | Entered the Ecumenical Temple
  6364 | D:7      | Reached skill level 10 in Fighting
  7168 | D:8      | Reached skill level 5 in Armour
  7397 | D:8      | Learned a level 2 spell: Swiftness
  7526 | D:8      | Reached XP level 10. HP: 41/94 MP: 10/10
  9356 | D:10     | Entered Level 10 of the Dungeon
  9780 | D:10     | Found a staircase to the Lair.
  9958 | D:10     | Killed an unseen horror
 10170 | D:10     | Found a staircase to the Orcish Mines.
 10213 | D:10     | Noticed a hill giant
 10225 | D:10     | Killed a hill giant
 10225 | D:10     | Reached XP level 11. HP: 53/105 MP: 11/11
 10498 | Lair:1   | Entered Level 1 of the Lair of Beasts
 10874 | D:10     | Reached skill level 10 in Armour
 11581 | D:10     | Reached skill level 13 in Axes
 11961 | Lair:1   | Reached skill level 14 in Axes
 12265 | Lair:1   | Reached *** piety under Ashenzari
 12419 | Lair:1   | Reached XP level 12. HP: 101/113 MP: 12/12
 12729 | Lair:1   | Gained mutation: Your muscles are strong. (Str +2) [potion of beneficial mutation]
 12835 | Lair:2   | Reached skill level 15 in Axes
 13288 | Lair:2   | Reached skill level 16 in Axes
 13495 | Lair:2   | Noticed a queen ant
 13510 | Lair:2   | Killed a queen ant
 13779 | Lair:3   | Found a hole to the Spider Nest.
 13830 | Lair:3   | Reached **** piety under Ashenzari
 13895 | Lair:3   | Reached skill level 17 in Axes
 14383 | Lair:4   | Noticed a death yak
 14383 | Lair:4   | Noticed a death yak
 14384 | Lair:4   | Noticed a death yak
 14385 | Lair:4   | Noticed a death yak
 14398 | Lair:4   | Killed a death yak
 14402 | Lair:4   | Killed a death yak
 14406 | Lair:4   | Killed a death yak
 14409 | Lair:4   | Killed a death yak
 14409 | Lair:4   | Reached skill level 18 in Axes
 14409 | Lair:4   | Reached XP level 13. HP: 91/119 MP: 13/13
 14488 | Lair:4   | Found a staircase to the Shoals.
 14531 | Lair:4   | Found a labyrinth entrance.
 14563 | Lab      | Entered a labyrinth
 15901 | Lab      | Noticed a minotaur
 15908 | Lab      | Killed a minotaur
 15911 | Lab      | Identified the cursed ring "Voagh" {+Fly rN+ MR+ Dex-2}
 15917 | Lab      | Identified a +8 rod of ignition (13/13) (You found it in a labyrinth)
 16082 | Lair:4   | Reached ***** piety under Ashenzari
 16480 | Lair:5   | Reached skill level 1 in Evocations
 16710 | Lair:5   | Identified the +10 falchion "Cifraxt" {venom, *Noise Dex+2 SInv}
 16754 | Lair:5   | Found a staircase to the Slime Pits.
 16758 | Lair:5   | Found a viscous altar of Jiyva.
 17252 | Lair:6   | Entered Level 6 of the Lair of Beasts
 17357 | Lair:6   | Found a dark tunnel.
 17365 | Volcano  | Entered a volcano
 17425 | Volcano  | Identified the +2 helmet of Instinct {rElec rPois Str-4}
 17647 | Lair:6   | Reached XP level 14. HP: 52/133 MP: 16/16
 17999 | Lair:6   | Reached skill level 15 in Fighting
 18347 | Lair:6   | Noticed Snorg
 18362 | Lair:6   | Killed Snorg
 18737 | Lair:6   | Found a runed door.
 19643 | Lair:6   | Mangled by a catoblepas

Vault maps used:
D:1:      ldierk_water_garden
D:2:      uniq_terence, uniq_crazy_yiuf_cottage
D:3:      overflow_temple_1_default, uniq_robin
D:4:      kennysheep_six_static_rooms, kennysheep_little_box,
          nicolae_dithmenos_shadow_blocks, uniq_eustachio
D:5:      gammafunk_pakellas_its_alive, nemelex_xobeh_ov_fountains_minmay,
          first_bread, uniq_pikel
D:6:      grunt_gozag_breadcrumbs, kiku_gazebo_garden_becter, slow_altar_1,
          vehumet_altar_wand_db, serial_shops, nicolae_shop_crystal,
          uniq_duvessa, uniq_menkaure
D:7:      nicolae_overflow_hidden_temple
D:9:      special_room
D:10:     minmay_lair_entry_lava
Temple:   nicolae_temple_figure_eight
Lair:1:   grunt_forest_large_clearings, infiniplex_staircase_pool_2
Lair:2:   st_stairs_5, wad_woods_antlair
Lair:3:   nicolae_spider_entry_non_spiders, grunt_forest_stairs_basic
Lair:4:   minmay_shoals_entry_centaurs, lab_entry_generic, ldierk_geyser,
          lemuel_fruit_fields, infiniplex_staircase_pool, serial_bayou_shore_a
Lair:5:   slime_altar_1, grunt_megastairs_1, serial_bayou_shore_b
Lair:6:   wormcave, nicolae_volcano_entry_hallway, grunt_forest_small_clearings,
          uniq_snorg
Volcano:  volcano_pools

Skill      XL: |  1  2  3  4  5  6  7  8  9 10 11 12 13 14 |
---------------+-------------------------------------------+-----
Axes           | 5 6 7 8 9 11 12 14 18 | 18.9
Fighting       | 3 4 5 6 8 10 12 14 16 | 16.7
Armour         | 5 9 11 12 13 | 13.2
Throwing       | 3 |  3.5
Evocations     | 3 4 |  4.4
Dodging        | |  2.4

Action                   |  1- 3 |  4- 6 |  7- 9 | 10-12 | 13-15 || total
-------------------------+-------+-------+-------+-------+-------++-------
Melee: War axe           |    57 |   166 |    77 |       |       ||   300
       Rapier            |       |       |   261 |   351 |       ||   612
       Battleaxe         |       |       |    16 |   300 |   414 ||   730
Throw: Tomahawk          |       |       |       |    13 |       ||    13
       Throwing net      |       |       |       |     3 |       ||     3
Invok: Curse Item        |       |     2 |     1 |     4 |     1 ||     8
       Scrying           |       |       |       |     1 |     1 ||     2
Evoke: Wand              |       |       |       |       |    16 ||    16
  Use: Potion            |     2 |     1 |     2 |    10 |     5 ||    20
       Scroll            |       |     4 |    19 |    10 |    10 ||    43
 Stab: Invisible         |       |     1 |       |     3 |     3 ||     7
       Distracted        |       |     1 |       |       |     1 ||     2
       Sleeping          |       |       |     1 |     7 |       ||     8
       Paralysed         |       |       |       |       |    10 ||    10
  Eat: Chunk             |       |     7 |    15 |    18 |    14 ||    54
       Royal jelly       |       |       |       |     2 |       ||     2
       Beef jerky        |       |       |       |     1 |       ||     1
       Fruit             |       |       |       |       |     4 ||     4
Armor: Leather armour    |    22 |       |       |       |       ||    22
       Ring mail         |       |    76 |   170 |   315 |   105 ||   666
       Skin              |       |    59 |    25 |       |       ||    84
       Chain mail        |       |       |       |       |   118 ||   118
Dodge: Dodged            |    36 |    93 |   246 |   410 |   193 ||   978
